[Event "Titled Tuesday Blitz February 28 Late 2023"]
[White "Kalajzic, Ivan"]
[Black "Romero Ruscalleda, Josep"]
[WhiteFideId "14506378"]
[BlackFideId "2231859"]
[WhiteElo "2203"]
[BlackElo "2183"]
[Result "1-0"]
[Round "07"]
[TimeControl "180+2"]
[Date "2023.02.28"]
[WhiteClock "0:00:20"]
[BlackClock "0:00:01"]

1. d4 g6 2. Nc3 Bg7 3. h4 h5 4. Bf4 d6 5. e3 Nf6 6. Bc4 c6 7. Nf3 b5 8. Bb3 a5 9. a4 b4 10. Ne2 d5 11. Ng5 Nbd7 12. f3 Nb6 13. O-O O-O 14. Be5 Ba6 15. Re1 Bc4 16. Nf4 Qd7 17. Qd2 Qf5 18. Qf2 Nfd7 19. Bxg7 Kxg7 20. Qg3 Nf6 21. e4 dxe4 22. fxe4 Qg4 23. Qxg4 Nxg4 24. Rad1 Bxb3 25. cxb3 Kg8 26. Nf3 Rfd8 27. Rc1 Rac8 28. Rc5 Nf6 29. Rxa5 Rd7 30. Rc5 Rdc7 31. Ne5 Nfd7 32. Nxd7 Nxd7 33. Rc4 c5 34. Rec1 Nb6 35. Rxc5 Rxc5 36. Rxc5 Rd8 37. d5 e6 38. dxe6 fxe6 39. Nxe6 Rd1+ 40. Kf2 Rd2+ 41. Kg3 Rxb2 42. Nd4 Nd7 43. Rb5 Kf7 44. a5 Ra2 45. Nc6 Ra3 46. Rxb4 1-0


[Site "https://www.chess.com"]

[Event "Titled Tuesday Blitz February 28 Late 2023"]
[White "Prieto Aranguren, Alain"]
[Black "Yeritsyan, Hayk"]
[WhiteFideId "2268906"]
[BlackFideId "13307320"]
[WhiteElo "2209"]
[BlackElo "2459"]
[Result "0-1"]
[Round "07"]
[TimeControl "180+2"]
[Date "2023.02.28"]
[WhiteClock "0:00:17"]
[BlackClock "0:00:26"]

1. d4 d5 2. c4 e6 3. Nc3 Nf6 4. cxd5 Nxd5 5. e4 Nxc3 6. bxc3 c5 7. Nf3 cxd4 8. cxd4 Be7 9. Bc4 O-O 10. O-O Nc6 11. Be3 Bf6 12. Rc1 Bd7 13. d5 exd5 14. Bxd5 Re8 15. Nd4 Nxd4 16. Bxd4 Bxd4 17. Qxd4 Bc6 18. Rfd1 Bxd5 19. exd5 Qd6 20. g3 h6 21. Rc3 Re5 22. Re3 Rxe3 23. Qxe3 b6 24. Qc3 Rd8 25. Qc4 Qc5 26. Qe4 Rd6 27. Qe8+ Kh7 28. Qxf7 Rf6 29. Qh5 Qxf2+ 30. Kh1 Rf5 31. Qxf5+ Qxf5 32. Kg1 Qd7 33. d6 Kg6 34. Kf2 Kf6 35. Ke3 Ke6 36. Rd4 b5 37. Re4+ Kxd6 38. Rd4+ Kc6 39. Rxd7 Kxd7 40. Kd4 Kd6 41. h4 g5 42. h5 a5 43. g4 b4 44. Kc4 Kc6 45. Kd4 Kb5 46. Kd5 a4 47. Kd4 b3 48. axb3 axb3 49. Kc3 Ka4 50. Kb2 Kb4 51. Kb1 Kc3 0-1


[Site "https://www.chess.com"]

[Event "Titled Tuesday Blitz February 28 Late 2023"]
[White "Awoki, Daniel Teidi"]
[Black "Dudzinski, Pawel"]
[WhiteFideId "2100827"]
[BlackFideId "1117890"]
[WhiteElo "2083"]
[BlackElo "2099"]
[Result "1/2-1/2"]
[Round "07"]
[TimeControl "180+2"]
[Date "2023.02.28"]
[WhiteClock "0:00:10"]
[BlackClock "0:00:07"]

1. e4 c6 2. d4 d5 3. exd5 cxd5 4. c4 Nf6 5. Nc3 g6 6. cxd5 Nxd5 7. Bc4 Nb6 8. Bb3 Bg7 9. Nge2 O-O 10. O-O Bg4 11. f3 Bf5 12. Be3 Nc6 13. d5 Na5 14. Bf2 Nxb3 15. axb3 a6 16. g4 Bd7 17. Qd2 Nc8 18. Na4 Bxa4 19. bxa4 Nd6 20. Rac1 Qd7 21. b3 Rac8 22. Nf4 Bh6 23. Be3 Bg7 24. Nd3 Rxc1 25. Rxc1 Rc8 26. Nc5 Qd8 27. Ne4 Ne8 28. Rxc8 Qxc8 29. Qb4 Qd7 30. Nc5 Qxd5 31. Qxb7 Qd1+ 32. Kg2 Qe2+ 33. Bf2 Bd4 34. Ne4 Nd6 35. Qb8+ Kg7 36. Kg1 Bxf2+ 37. Nxf2 Qxf3 38. Qb6 h5 39. Qd4+ Qf6 40. Qxf6+ Kxf6 41. gxh5 g5 42. Nd3 Ne4 43. Kg2 g4 44. b4 Kg5 45. h3 gxh3+ 46. Kxh3 Kxh5 47. Nc5 Nc3 48. Kg3 e5 49. Kf3 f5 50. Ke3 f4+ 51. Kd3 f3 52. Ke3 e4 53. Nxe4 Nxe4 54. Kxf3 Nc3 55. b5 Nxb5 56. axb5 axb5 57. Ke4 Kg6 58. Kd5 Kf5 59. Kc5 b4 60. Kxb4 1/2-1/2


[Site "https://www.chess.com"]

[Event "Titled Tuesday Blitz February 28 Late 2023"]
[White "Clawitter, Craig"]
[Black "Mikhalsky, Vladimir"]
[WhiteFideId "2023105"]
[BlackFideId "14144352"]
[WhiteElo "2263"]
[BlackElo "2272"]
[Result "1-0"]
[Round "07"]
[TimeControl "180+2"]
[Date "2023.02.28"]
[WhiteClock "0:00:08"]
[BlackClock "0:00:01"]

1. e4 g6 2. d4 Bg7 3. Nc3 d6 4. Be3 Nf6 5. Qd2 a6 6. Nf3 Ng4 7. Bg5 h6 8. Bh4 Nc6 9. h3 Nf6 10. Bd3 e5 11. dxe5 dxe5 12. O-O-O Be6 13. Kb1 Qe7 14. Nd5 Bxd5 15. exd5 Nb4 16. Nxe5 O-O-O 17. Nxf7 Rxd5 18. Nxh8 Nxd3 19. Nxg6 Qf7 20. Nf4 Ne4 21. Nxd5 Nxd2+ 22. Rxd2 Nxb2 23. Re1 b6 24. Re7 Qg6 25. Rxc7+ Kb8 26. Bg3 Ka8 27. Ne7 Qe8 28. Rc8+ Qxc8 29. Nxc8 Nc4 30. Nd6 Nxd2+ 31. Kc1 Nf1 32. Nf5 Bf8 33. Kd1 Bb4 34. Ke2 Nd2 35. Nxh6 Ne4 36. Kf3 Nc3 37. Bf4 Nxa2 38. Nf5 Nc3 39. h4 a5 40. h5 Bf8 41. Bd6 Bxd6 42. Nxd6 Nd5 43. h6 Nf6 44. Ne4 Nh7 45. g4 Kb7 46. Ke3 b5 47. f4 a4 48. g5 a3 49. Nc3 b4 50. Na2 Kc6 51. g6 Nf6 52. h7 Kb5 53. h8=Q Nd5+ 54. Kd4 Nxf4 55. Qe5+ Ka4 56. Qxf4 b3 57. Kc3+ Ka5 58. Qb4+ Ka6 59. Qxa3+ Kb7 60. Qxb3+ Kc7 61. Qe6 1-0


[Site "https://www.chess.com"]

[Event "Titled Tuesday Blitz February 28 Late 2023"]
[White "Einarsson, Halldor Gretar"]
[Black "Nery Junior, Jose Antonio"]
[WhiteFideId "2300150"]
[BlackFideId "2104822"]
[WhiteElo "2126"]
[BlackElo "2197"]
[Result "0-1"]
[Round "07"]
[TimeControl "180+2"]
[Date "2023.02.28"]
[WhiteClock "0:00:01"]
[BlackClock "0:00:08"]

1. d4 d5 2. Nf3 c6 3. c4 Nf6 4. Nc3 e6 5. e3 Nbd7 6. Qc2 Bd6 7. Bd3 O-O 8. O-O Qe7 9. e4 dxe4 10. Nxe4 Nxe4 11. Bxe4 h6 12. Re1 Qf6 13. Qe2 e5 14. d5 Nc5 15. dxc6 Nxe4 16. Qxe4 Bf5 17. Qe3 bxc6 18. c5 Bc7 19. Bd2 Rfe8 20. Bc3 Rad8 21. Rad1 Rd5 22. b4 Bg4 23. Rxd5 cxd5 24. Nd2 Re6 25. f3 d4 26. Ne4 Qg6 27. Qe2 dxc3 28. fxg4 Re7 29. Rc1 Rd7 30. Rxc3 Rd4 31. Ng3 Kh7 32. Qc2 e4 33. Re3 Bf4 34. Rxe4 Bxg3 35. hxg3 Rxe4 36. c6 Re1+ 0-1


[Site "https://www.chess.com"]

[Event "Titled Tuesday Blitz February 28 Late 2023"]
[White "Hajiyev, Kanan"]
[Black "De Souza, Cristiano Gomes"]
[WhiteFideId "13404148"]
[BlackFideId "2151758"]
[WhiteElo "2103"]
[BlackElo "2068"]
[Result "1-0"]
[Round "07"]
[TimeControl "180+2"]
[Date "2023.02.28"]
[WhiteClock "0:00:59"]
[BlackClock "0:00:09"]

1. d4 Nf6 2. Nf3 g6 3. g3 Bg7 4. Bg2 O-O 5. O-O d6 6. b3 Nc6 7. Bb2 Bf5 8. c4 Qd7 9. d5 Nb4 10. Qd2 Nc2 11. Nh4 Nxa1 12. Nxf5 Qxf5 13. Bxa1 Ne4 14. Bxe4 Qxe4 15. Nc3 Qd4 16. Qc2 Qg4 17. Kg2 a6 18. f3 Qd7 19. h4 e6 20. e4 e5 21. h5 f5 22. Rh1 Rf6 23. hxg6 hxg6 24. exf5 gxf5 25. Rh5 Raf8 26. Ne2 Rg6 27. Kf2 e4 28. Bxg7 Qxg7 29. f4 Rff6 30. Qc3 Kf7 31. Nd4 Rh6 32. Nxf5 Qh7 33. Qxf6+ Kxf6 34. Rxh6+ Qxh6 35. Nxh6 c6 36. Ng4+ Kf5 37. Ne3+ Kf6 38. g4 1-0


[Site "https://www.chess.com"]

[Event "Titled Tuesday Blitz February 28 Late 2023"]
[White "Pein, Jonathan"]
[Black "Simonovic, Miroslav"]
[WhiteFideId "417092"]
[BlackFideId "919152"]
[WhiteElo "2151"]
[BlackElo "2057"]
[Result "1-0"]
[Round "07"]
[TimeControl "180+2"]
[Date "2023.02.28"]
[WhiteClock "0:00:05"]
[BlackClock "0:00:03"]

1. e4 c5 2. Nf3 Nc6 3. Bb5 g6 4. Bxc6 dxc6 5. O-O Bg7 6. d3 e5 7. Be3 b6 8. a4 Ne7 9. a5 Be6 10. Ng5 Bd7 11. Nc3 O-O 12. f4 h6 13. Nf3 exf4 14. Bxf4 f5 15. axb6 axb6 16. Rxa8 Qxa8 17. Bd6 Qd8 18. Ne5 Be8 19. Bxe7 Qxe7 20. Nf3 Bd4+ 21. Kh1 Bxc3 22. bxc3 fxe4 23. Re1 Qf6 24. Rxe4 Qxc3 25. h3 Bf7 26. Qc1 Kg7 27. Ne5 Bd5 28. Rh4 g5 29. Nd7 gxh4 30. Nxf8 Kxf8 31. Qxh6+ Qg7 32. Qf4+ Qf7 33. Qb8+ Ke7 34. Qc7+ Ke6 35. Qc8+ Qd7 36. Qg8+ Kd6 37. Qb8+ Ke7 38. Qe5+ Kd8 39. Qb8+ Qc8 40. Qd6+ Ke8 41. Qe5+ Qe6 42. Qh8+ Kd7 43. Qh7+ Kd6 44. Qxh4 Qg6 45. Qf4+ Kd7 46. Qf2 b5 47. Kg1 c4 48. dxc4 bxc4 49. h4 Qg4 50. Kh2 Kd6 51. Qg3+ Qxg3+ 52. Kxg3 c3 53. h5 Be4 54. Kf4 Bxc2 55. g4 Bd3 56. Ke3 Bh7 57. g5 Ke6 58. g6 1-0


[Site "https://www.chess.com"]

[Event "Titled Tuesday Blitz February 28 Late 2023"]
[White "Hoffmann, Asa"]
[Black "Wang, Alexander J"]
[WhiteFideId "2001470"]
[BlackFideId "30955270"]
[WhiteElo "2117"]
[BlackElo "2235"]
[Result "1-0"]
[Round "07"]
[TimeControl "180+2"]
[Date "2023.02.28"]
[WhiteClock "0:00:38"]
[BlackClock "0:00:17"]

1. d4 d5 2. Bg5 h6 3. Bh4 Nf6 4. e3 e6 5. Bd3 c5 6. c3 Nc6 7. f4 Be7 8. Nf3 b6 9. Nbd2 a6 10. O-O Bb7 11. Ne5 Nxe5 12. fxe5 Nd7 13. Qh5 Rf8 14. Rxf7 Rxf7 15. Rf1 Bf6 16. exf6 Nxf6 17. Bxf6 gxf6 18. Bg6 Qe7 19. Nf3 Kf8 20. Bxf7 Qxf7 21. Qxh6+ Qg7 22. Qf4 Kg8 23. Qd6 Re8 24. Qxb6 cxd4 25. exd4 Kh7 26. Qd6 e5 27. dxe5 fxe5 28. h4 Kg8 29. Ng5 Rf8 30. Qe6+ Kh8 31. Rxf8+ Qxf8 32. Qxe5+ Kg8 33. Qe6+ Kh8 34. Nf7+ Kg7 35. Ne5 Qf6 36. Qxf6+ Kxf6 37. Nf3 Bc8 38. Kf2 Kg6 39. Ke3 Kh5 40. Kf4 Be6 41. b4 Bd7 42. Ne5 Bb5 43. g3 Be2 44. a4 Bd1 45. b5 axb5 46. axb5 Be2 47. b6 Ba6 48. Kf5 d4 49. cxd4 Bb7 50. g4+ Kh6 51. g5+ Kh5 52. Kf6 Bd5 53. g6 Kxh4 54. g7 Kh5 55. Nf7 Kg4 56. g8=Q+ Kf4 57. Qg5+ Ke4 58. Qe5+ Kd3 59. Qxd5 Kc3 60. b7 Kd3 61. b8=N Ke3 62. Nc6 Kd3 63. Nce5+ Ke3 64. Nh6 Kf4 65. Qf3# 1-0


[Site "https://www.chess.com"]

[Event "Titled Tuesday Blitz February 28 Late 2023"]
[White "Bouget, Alexandre"]
[Black "olga-belka"]
[WhiteFideId "681318"]
[WhiteElo "2177"]
[BlackElo "2206"]
[Result "1-0"]
[Round "07"]
[TimeControl "180+2"]
[Date "2023.02.28"]
[WhiteClock "0:00:01"]
[BlackClock "0:00:01"]

1. Nc3 d5 2. e4 dxe4 3. Nxe4 g6 4. d4 Bg7 5. c3 Nf6 6. Ng3 c5 7. Nf3 cxd4 8. Qxd4 O-O 9. Qxd8 Rxd8 10. Bc4 Nc6 11. O-O Bg4 12. Ng5 e6 13. h3 Bf5 14. Nxf5 gxf5 15. Be3 Nd5 16. Rad1 Nxe3 17. fxe3 Ne5 18. Bb3 Bf8 19. e4 Bc5+ 20. Kh1 Nd3 21. exf5 Nf2+ 22. Rxf2 Rxd1+ 23. Bxd1 Bxf2 24. fxe6 fxe6 25. Nxe6 Re8 26. Bb3 Kh8 27. g4 h6 28. Kg2 Be3 29. Bd5 Bc1 30. b3 Re7 31. c4 b6 32. Kf3 Bb2 33. h4 Bf6 34. g5 hxg5 35. hxg5 Bc3 36. Ke4 Rh7 37. g6 Rh2 38. Kf5 Rf2+ 39. Kg4 Rxa2 40. Nd8 Kg7 41. Bf7 Bf6 42. Ne6+ Kh6 43. Kf5 Rf2+ 44. Ke4 Rb2 45. Kf5 Bh8 46. c5 bxc5 47. Nxc5 Rf2+ 48. Ke4 Re2+ 49. Kd5 Rd2+ 50. Kc6 Be5 51. Nd7 Rc2+ 52. Kb5 Bd4 53. b4 Kg7 54. Nc5 Bxc5 55. bxc5 Re2 56. c6 Rc2 57. Bc4 1-0


[Site "https://www.chess.com"]

[Event "Titled Tuesday Blitz February 28 Late 2023"]
[White "Sailer, Mike"]
[Black "Figorito, Nick"]
[WhiteFideId "2012901"]
[BlackFideId "30923689"]
[WhiteElo "2109"]
[BlackElo "2372"]
[Result "1/2-1/2"]
[Round "07"]
[TimeControl "180+2"]
[Date "2023.02.28"]
[WhiteClock "0:00:07"]
[BlackClock "0:00:28"]

1. d4 Nf6 2. Bg5 d5 3. Bxf6 exf6 4. e3 Bd6 5. Nf3 O-O 6. c4 dxc4 7. Bxc4 c6 8. O-O Nd7 9. Nc3 Nb6 10. Bd3 f5 11. a3 Re8 12. b4 g6 13. g3 Be6 14. Nd2 Nd5 15. Nxd5 Bxd5 16. Bc4 Bc7 17. Bxd5 Qxd5 18. Qb3 Qxb3 19. Nxb3 Bd6 20. Nc5 Bxc5 21. bxc5 b5 22. a4 a6 23. Ra2 b4 24. a5 Rab8 25. Rb1 Rb5 26. Rb3 Reb8 27. Kf1 Kf8 28. Ke2 Ke7 29. Kd3 Ke6 30. Kc4 g5 31. Ra4 h5 32. f3 h4 33. e4 hxg3 34. hxg3 g4 35. d5+ Kd7 36. dxc6+ Kxc6 37. fxg4 Rxc5+ 38. Kd4 fxe4 39. Raxb4 Rxb4+ 40. Rxb4 Rxa5 41. Kxe4 Rb5 42. Rc4+ Kd6 43. Rd4+ Ke6 44. Rc4 a5 45. Rc6+ Kd7 46. Ra6 Ke7 47. Kf4 f6 48. Ke4 Kf7 49. Kf4 Kg6 50. Ra8 Rb4+ 51. Kf3 a4 52. Rg8+ Kf7 53. Ra8 Rb3+ 54. Kf4 a3 55. Kf5 Rb5+ 56. Kf4 Rb4+ 57. Kf5 Rb3 58. Ra7+ Ke8 59. Ke6 Re3+ 60. Kxf6 Rxg3 61. g5 Kd8 62. g6 Rf3+ 63. Ke6 Re3+ 64. Kd6 Rd3+ 65. Ke6 Re3+ 66. Kf6 Rf3+ 67. Ke6 Re3+ 1/2-1/2


[Site "https://www.chess.com"]

[Event "Titled Tuesday Blitz February 28 Late 2023"]
[White "Matsuura, Frederico"]
[Black "Rangel, Daniel"]
[WhiteFideId "2107848"]
[BlackFideId "2124475"]
[WhiteElo "2302"]
[BlackElo "2256"]
[Result "1-0"]
[Round "07"]
[TimeControl "180+2"]
[Date "2023.02.28"]
[WhiteClock "0:00:13"]
[BlackClock "0:00:01"]

1. d4 Nf6 2. c4 e6 3. Nf3 d5 4. Nc3 Be7 5. Bg5 c6 6. cxd5 exd5 7. Qc2 O-O 8. e3 Nbd7 9. Bd3 Re8 10. O-O Nf8 11. Rab1 a5 12. h3 Ne4 13. Bxe7 Qxe7 14. Bxe4 dxe4 15. Nd2 Bf5 16. Nc4 Ng6 17. a3 Qg5 18. Kh2 Nh4 19. Rg1 Re6 20. Ne5 Rh6 21. Nxe4 Qh5 22. Rh1 Re8 23. Kg1 Rxe5 24. dxe5 Qg6 25. Rh2 Nf3+ 26. Kh1 Bxe4 27. Qd1 Bd5 28. gxf3 Qe6 29. e4 Qxe5 30. exd5 cxd5 31. Qe1 Qb8 32. Rc1 Rd6 33. Qe7 Rd8 34. Rc7 Rf8 35. Rg2 g6 36. h4 Qa7 37. h5 Qd4 38. h6 Qd2 39. Rh2 Qf4 40. Kg2 Qg5+ 41. Qxg5 1-0


[Site "https://www.chess.com"]

[Event "Titled Tuesday Blitz February 28 Late 2023"]
[White "Davidson, Kevin"]
[Black "Dahlgren, James Allen"]
[WhiteFideId "2056810"]
[BlackFideId "22256873"]
[WhiteElo "2151"]
[BlackElo "2183"]
[Result "0-1"]
[Round "07"]
[TimeControl "180+2"]
[Date "2023.02.28"]
[WhiteClock "0:00:01"]
[BlackClock "0:00:08"]

1. e4 e6 2. d4 c5 3. Nf3 d5 4. exd5 exd5 5. Bb5+ Bd7 6. Bxd7+ Qxd7 7. O-O Nc6 8. Re1+ Be7 9. dxc5 Nf6 10. Nc3 O-O 11. Bg5 Rad8 12. Na4 h6 13. Bh4 g5 14. Bg3 Ne4 15. c3 Nxc5 16. Nxc5 Bxc5 17. Ne5 Qf5 18. Qd3 Qxd3 19. Nxd3 Bb6 20. Rad1 f5 21. Be5 Rfe8 22. Kf1 Kf7 23. f4 g4 24. Re2 Re6 25. g3 Rde8 26. Rde1 a5 27. b3 R8e7 28. a4 Re8 29. Kg2 Bc7 30. h3 Nxe5 31. fxe5 h5 32. hxg4 hxg4 33. Rh1 Bxe5 34. Nxe5+ Rxe5 35. Rxe5 Rxe5 36. Rh7+ Ke6 37. Kf2 d4 38. cxd4 Re4 39. Rxb7 Rxd4 40. Rb5 Rd5 0-1


[Site "https://www.chess.com"]

[Event "Titled Tuesday Blitz February 28 Late 2023"]
[White "Comas Fabrego, Lluis"]
[Black "Vaglio Munoz, Jaime"]
[WhiteFideId "2200325"]
[BlackFideId "6500145"]
[WhiteElo "2523"]
[BlackElo "2199"]
[Result "0-1"]
[Round "07"]
[TimeControl "180+2"]
[Date "2023.02.28"]
[WhiteClock "0:00:01"]
[BlackClock "0:01:16"]

1. Nf3 c5 2. c4 Nc6 3. Nc3 g6 4. e3 Bg7 5. d4 cxd4 6. exd4 d6 7. Be2 Nh6 8. d5 Nb8 9. h3 Nf5 10. g4 Nh6 11. Be3 f5 12. g5 Nf7 13. Bd4 Ne5 14. Nxe5 dxe5 15. Bc5 b6 16. Ba3 Bb7 17. h4 e6 18. Qd2 Na6 19. O-O-O Nc5 20. h5 exd5 21. Nxd5 Bxd5 22. Qxd5 Qxd5 23. Rxd5 Rc8 24. h6 Bf8 25. Rxe5+ Kf7 26. Kc2 Be7 27. Rg1 Bd6 28. Rd5 Bf4 29. Bf3 Rhe8 30. Rgd1 a5 31. b3 Bxg5 32. Bxc5 bxc5 33. Rd7+ Re7 34. Rxe7+ Kxe7 35. Bb7 Rc7 36. Bd5 Bxh6 37. Bg8 Kf6 38. Rd6+ Kg7 39. Bd5 Bf4 40. Ra6 h5 41. Rxa5 h4 42. Ra6 h3 43. Rc6 Re7 44. Rxc5 Re2+ 45. Kd3 Rxf2 46. b4 h2 47. b5 Rd2+ 48. Kc3 Rxd5 0-1


[Site "https://www.chess.com"]

[Event "Titled Tuesday Blitz February 28 Late 2023"]
[White "Marcolino, Daniel Mattos"]
[Black "Abdyzhaparov, Aidar"]
[WhiteFideId "2106841"]
[BlackFideId "13800361"]
[WhiteElo "2124"]
[BlackElo "2002"]
[Result "0-1"]
[Round "07"]
[TimeControl "180+2"]
[Date "2023.02.28"]
[WhiteClock "0:00:19"]
[BlackClock "0:00:44"]

1. d4 d6 2. Nf3 Nf6 3. g3 Nbd7 4. Bg2 e5 5. O-O Be7 6. c4 O-O 7. Nc3 Re8 8. e4 exd4 9. Nxd4 Bf8 10. h3 Nc5 11. Qc2 a5 12. Be3 c6 13. b3 Qe7 14. Rfe1 Ncxe4 15. Nxe4 Nxe4 16. Rad1 d5 17. cxd5 cxd5 18. Bf4 Bf5 19. Nxf5 Qc5 20. Qxc5 Bxc5 21. Be3 Bb4 22. Rf1 Nc3 23. Rd3 g6 24. Nd4 Nxa2 25. Bxd5 Rad8 26. Bc4 Nc3 27. Kg2 Rb8 28. Nb5 Ne4 29. Rd7 Rf8 30. Rfd1 Nf6 31. Rc7 a4 32. Bh6 Ba5 33. Bxf8 Bxc7 34. Bd6 Bxd6 35. Nxd6 axb3 36. Bxb3 Rd8 37. Nxf7 Rxd1 38. Bxd1 Kxf7 39. Kf3 Ke6 40. Ke3 b6 41. Kd3 Kd5 42. Bf3+ Kc5 43. Kc3 Nd7 44. h4 Ne5 45. Be4 b5 46. f4 b4+ 47. Kb3 Nc4 48. g4 Nd2+ 49. Kc2 Nxe4 50. f5 gxf5 51. gxf5 Kc4 0-1


[Site "https://www.chess.com"]

[Event "Titled Tuesday Blitz February 28 Late 2023"]
[White "Dorato, Adriano"]
[Black "Escalante Ramirez, Rafael"]
[WhiteFideId "2802894"]
[BlackFideId "3900177"]
[WhiteElo "1709"]
[BlackElo "2338"]
[Result "1-0"]
[Round "07"]
[TimeControl "180+2"]
[Date "2023.02.28"]
[WhiteClock "0:00:10"]
[BlackClock "0:00:01"]

1. d4 Nf6 2. Nf3 e6 3. e3 b6 4. Bd3 Bb7 5. Nbd2 c5 6. b3 cxd4 7. exd4 d5 8. Bb2 Be7 9. O-O O-O 10. Ne5 Nc6 11. f4 Nb4 12. Ndf3 Nxd3 13. Nxd3 Ba6 14. Nfe5 Rc8 15. Rf3 Ne4 16. Rh3 g6 17. Ng4 Bxd3 18. Qxd3 f5 19. Ne5 Bf6 20. Rf1 Qc7 21. c4 Bxe5 22. fxe5 dxc4 23. Qe3 cxb3 24. Qxb3 Qc4 25. Qa3 Rf7 26. Rc1 Qe2 27. Rxc8+ Kg7 28. Rc1 Nf2 29. Re3 Qd2 30. Qc3 Qxc3 31. Rexc3 Ne4 32. Rc7 g5 33. Rxf7+ Kxf7 34. Rc7+ Kg6 35. Rxa7 Nd2 36. Rb7 Nc4 37. Bc3 1-0


[Site "https://www.chess.com"]

[Event "Titled Tuesday Blitz February 28 Late 2023"]
[White "mohsengabr2002"]
[Black "Chemin, Justo Reinaldo"]
[BlackFideId "2101580"]
[WhiteElo "2333"]
[BlackElo "1940"]
[Result "0-1"]
[Round "07"]
[TimeControl "180+2"]
[Date "2023.02.28"]
[WhiteClock "0:00:19"]
[BlackClock "0:00:07"]

1. g3 d5 2. Bg2 c6 3. c4 Nf6 4. b3 g6 5. Bb2 Bg7 6. d3 O-O 7. Nf3 Nbd7 8. O-O Re8 9. Ne5 Qc7 10. Nxd7 Bxd7 11. cxd5 Nxd5 12. Bxg7 Kxg7 13. Qc2 Qe5 14. Na3 b5 15. Bxd5 Qxd5 16. Qb2+ f6 17. Rfd1 h5 18. e4 Qg5 19. Qd2 Qg4 20. Nc2 h4 21. Re1 Rh8 22. Ne3 Qh3 23. Nf1 hxg3 24. fxg3 Rh5 25. Qg2 Qe6 26. Rac1 Rah8 27. Re2 Qd6 28. Qf3 Rg5 29. Qe3 Bg4 30. Rf2 Rgh5 31. d4 Bd7 32. Re1 e5 33. Rd1 Bg4 34. Rdd2 exd4 35. Qxd4 Qxd4 36. Rxd4 Rf8 37. Rd6 Rc5 38. Rfd2 Rc1 39. Kf2 f5 40. e5 f4 41. gxf4 Rxf4+ 42. Kg3 Rcxf1 43. e6 R1f3+ 44. Kg2 Bh3+ 45. Kg1 Rf1# 0-1


[Site "https://www.chess.com"]

[Event "Titled Tuesday Blitz February 28 Late 2023"]
[White "Estrada Nieto, Julian"]
[Black "Sanchez, Robert"]
[WhiteFideId "5101018"]
[BlackFideId "2034360"]
[WhiteElo "2176"]
[BlackElo "2421"]
[Result "1-0"]
[Round "07"]
[TimeControl "180+2"]
[Date "2023.02.28"]
[WhiteClock "0:00:09"]
[BlackClock "0:00:19"]

1. d4 Nf6 2. Nf3 e6 3. Bf4 d5 4. e3 c5 5. Nbd2 Nc6 6. c3 Bd6 7. Bg5 h6 8. Bh4 Bd7 9. Bd3 Qc7 10. dxc5 Bxc5 11. Bxf6 gxf6 12. O-O O-O-O 13. e4 dxe4 14. Nxe4 Be7 15. Qe2 f5 16. Ng3 h5 17. h4 Bc5 18. Kh1 Rdg8 19. Ng5 Ne5 20. Rad1 f6 21. Nf3 Nxf3 22. gxf3 Qf4 23. Bb5 Bxb5 24. Qxb5 Bxf2 25. Rxf2 Qxg3 26. Qd7+ Kb8 27. Qd6+ Qxd6 28. Rxd6 Re8 29. Re2 1-0


[Site "https://www.chess.com"]

[Event "Titled Tuesday Blitz February 28 Late 2023"]
[White "Skaric, Djuro"]
[Black "Haszon, David"]
[WhiteFideId "934569"]
[BlackFideId "733610"]
[WhiteElo "2282"]
[BlackElo "2210"]
[Result "0-1"]
[Round "07"]
[TimeControl "180+2"]
[Date "2023.02.28"]
[WhiteClock "0:00:27"]
[BlackClock "0:01:10"]

1. g3 h5 2. d4 h4 3. gxh4 e6 4. Nf3 Be7 5. Bg5 f6 6. Be3 d5 7. c4 c6 8. Nc3 dxc4 9. Bf4 b5 10. e4 Bb7 11. Bg2 a6 12. O-O Nh6 13. Re1 Nd7 14. d5 e5 15. Bxh6 Rxh6 16. d6 Bf8 17. Bh3 Nc5 18. d7+ Nxd7 19. Qe2 Nc5 20. Red1 Qc7 21. Bf5 Nd3 22. h5 Bc5 23. Bg6+ Rxg6+ 24. hxg6 Bxf2+ 25. Kf1 Ba7 26. Rxd3 cxd3 27. Qxd3 Qb6 28. Kg2 Rd8 29. Qe2 Qe3 30. Qxe3 Bxe3 31. Nh4 c5 32. Nf5 Bh6 33. Kf3 b4 34. Nd5 Bxd5 35. exd5 Rxd5 36. Ke4 Rd2 37. Nxh6 gxh6 38. Rc1 Kf8 39. Rxc5 Kg7 40. Kf5 Rf2+ 41. Ke6 Kxg6 42. Rc6 Rxb2 43. Rxa6 b3 44. Ke7 bxa2 45. Rxf6+ Kg5 46. Ra6 e4 47. Ke6 e3 0-1


[Site "https://www.chess.com"]

[Event "Titled Tuesday Blitz February 28 Late 2023"]
[White "Guimaraes, Wagner Peixoto"]
[Black "Pino Perez, Lazaro"]
[WhiteFideId "2100940"]
[BlackFideId "3517055"]
[WhiteElo "2185"]
[BlackElo "2170"]
[Result "0-1"]
[Round "07"]
[TimeControl "180+2"]
[Date "2023.02.28"]
[WhiteClock "0:00:04"]
[BlackClock "0:00:21"]

1. e4 c5 2. Nf3 g6 3. d4 cxd4 4. Nxd4 Nc6 5. Nc3 Bg7 6. Be3 Nf6 7. Bc4 O-O 8. Bb3 Re8 9. O-O d6 10. h3 Na5 11. Qe2 b6 12. Rad1 Bb7 13. e5 dxe5 14. Ne6 Qc8 15. Nxg7 Kxg7 16. Bg5 Nxb3 17. axb3 Ba6 18. Qxe5 Bxf1 19. Nd5 Qf5 20. Qxf5 gxf5 21. Bxf6+ exf6 22. Kxf1 Rad8 23. c4 a5 24. Rd3 b5 25. Rg3+ Kf8 26. Rf3 Re4 27. g4 bxc4 28. Nxf6 fxg4 29. hxg4 Red4 30. Nxh7+ Kg7 31. Ng5 cxb3 32. Rxb3 R8d5 33. Nf3 Rd3 0-1


[Site "https://www.chess.com"]

[Event "Titled Tuesday Blitz February 28 Late 2023"]
[White "Tsukerman, Julia"]
[Black "Fernandez Garcia, Gumersindo"]
[WhiteFideId "2621649"]
[BlackFideId "24516740"]
[WhiteElo "1667"]
[BlackElo "2093"]
[Result "0-1"]
[Round "07"]
[TimeControl "180+2"]
[Date "2023.02.28"]
[WhiteClock "0:00:02"]
[BlackClock "0:01:09"]

1. e4 d6 2. d4 Nf6 3. Nc3 e5 4. Nge2 Nbd7 5. f3 Be7 6. Be3 O-O 7. Qd2 c6 8. g4 b5 9. Ng3 b4 10. Nce2 a5 11. g5 Ne8 12. Nf5 Nb6 13. Neg3 exd4 14. Nxe7+ Qxe7 15. Bxd4 c5 16. Be3 f5 17. O-O-O a4 18. Nxf5 Bxf5 19. exf5 a3 20. Qd3 Qe5 21. Qb3+ Kh8 22. f4 axb2+ 23. Kb1 Qe4 24. Bh3 Ra3 25. Qe6 Rxe3 26. Qxe4 Rxe4 27. Rxd6 Nxd6 0-1


[Site "https://www.chess.com"]

[Event "Titled Tuesday Blitz February 28 Late 2023"]
[White "Poeta, Caio Medeiros"]
[Black "Huang, Alex"]
[WhiteFideId "2142660"]
[BlackFideId "4302508"]
[WhiteElo "2191"]
[BlackElo "2029"]
[Result "1-0"]
[Round "07"]
[TimeControl "180+2"]
[Date "2023.02.28"]
[WhiteClock "0:00:25"]
[BlackClock "0:00:08"]

1. d4 Nf6 2. c4 g6 3. Nc3 Bg7 4. e4 d6 5. f3 O-O 6. Be3 c5 7. dxc5 dxc5 8. Qxd8 Rxd8 9. Bxc5 Nc6 10. Nd5 a5 11. Nxe7+ Nxe7 12. Bxe7 Re8 13. Bxf6 Bxf6 14. O-O-O Be6 15. Kb1 Rac8 16. Rc1 Red8 17. Be2 Rd2 18. Rc2 Rxc2 19. Kxc2 Bxc4 20. Bxc4 Rxc4+ 21. Kb1 Rb4 22. b3 Rd4 23. Kc2 Bg5 24. Nh3 Rd2+ 25. Kc3 Bh6 26. g4 Rxa2 27. g5 Bg7+ 28. Kc4 Rc2+ 29. Kb5 Rc3 30. Rf1 Rxb3+ 31. Kxa5 Bd4 32. Nf4 Rb2 33. h3 Bc3+ 34. Ka4 Bd2 35. Nd3 Rb6 36. f4 Kf8 37. Rd1 Be3 38. Re1 Bd2 39. Re2 Bc3 40. Rc2 Bd4 41. Nb4 Be3 42. Rc8+ Kg7 43. Nd5 Ra6+ 44. Kb5 Bd4 45. f5 gxf5 46. exf5 h6 47. f6+ Kg6 48. Rg8+ Kh5 49. Nf4+ Kh4 50. gxh6 Rb6+ 51. Kc4 1-0


[Site "https://www.chess.com"]

[Event "Titled Tuesday Blitz February 28 Late 2023"]
[White "Quirke, Jeffrey"]
[Black "Gerbelli Neto, Eduardo"]
[WhiteFideId "2013029"]
[BlackFideId "2103281"]
[WhiteElo "2195"]
[BlackElo "2178"]
[Result "1-0"]
[Round "07"]
[TimeControl "180+2"]
[Date "2023.02.28"]
[WhiteClock "0:01:59"]
[BlackClock "0:02:25"]

1. e4 e5 2. Nf3 Nc6 3. Bb5 a6 4. Ba4 d6 5. O-O Bg4 6. Bxc6+ bxc6 7. d4 Bxf3 8. Qxf3 exd4 9. c3 dxc3 10. Nxc3 Qf6 11. Bf4 g5 12. e5 Qxf4 13. Qxc6+ Ke7 14. Qxa8 Kd7 15. Qxf8 1-0


[Site "https://www.chess.com"]